 Dungeon Crawl Stone Soup version 0.17-a0-1954-g0dddeaa (webtiles) character file.

13893 HungrySpirit the Bludgeoner (level 12, -16/122 HPs)
             Began as an Ogre Arcane Marksman on Oct 3, 2015.
             Was a High Priest of Okawaru.
             Demolished by a cyclops (35 damage)
             ... on level 11 of the Dungeon.
             The game lasted 00:29:08 (12992 turns).

HungrySpirit the Bludgeoner (Ogre Arcane Marksman) Turns: 12992, Time: 00:29:09

Health: -16/122    AC:  5    Str: 22    XL:     12   Next: 10%
Magic:  13/13      EV: 13    Int: 12    God:    Okawaru [*****.]
Gold:   528        SH:  0    Dex: 10    Spells: 0 memorised, 13 levels left

rFire  + . .     SeeInvis .     w - +0 giant club
rCold  + . .     Clarity  .     a - +1 robe {rC+ rF+}
rNeg   . . .     SustAt   +     (no shield)
rPois  +         Gourm    .     (helmet restricted)
rElec  .         Spirit   .     e - +0 cloak {rPois}
rCorr  .         Warding  .     (gloves unavailable)
rMut   .         Stasis   .     (boots unavailable)
MR     ++...                    (no amulet)
Stlth  +.........               G - ring of protection from magic
                                q - ring of sustain attributes

@: very slightly contaminated, invisible, very resistant to hostile
enchantments, very unstealthy
A: unfitting armour, tough skin 1
a: Heroism, Finesse, Renounce Religion


You were on level 11 of the Dungeon.
You worshipped Okawaru.
Okawaru was extremely pleased with you.
You were hungry.

You visited 1 branch of the dungeon, and saw 11 of its levels.
You also visited: Sewer and Ossuary.

You collected 756 gold pieces.
You spent 228 gold pieces at shops.

Inventory:

Hand weapons
 w - a +0 giant club (weapon)
 R - a +0 giant spiked club
Missiles
 c - 7 large rocks (quivered)
 u - 7 throwing nets
 K - 8 javelins
Armour
 a - a +1 robe of resistance (worn)
 e - a +0 cloak of poison resistance (worn)
 S - a +2 cloak of magic resistance
Jewellery
 q - a ring of sustain attributes (left hand)
 G - a ring of protection from magic (right hand)
Magical devices
 E - a wand of cold (8)
 F - a wand of random effects (34)
 I - a wand of confusion (21)
 N - a wand of fire (7)
Scrolls
 g - 3 scrolls of remove curse
 i - a scroll of acquirement {unknown}
 j - a scroll of torment {unknown}
 p - 2 scrolls of fear
 s - 3 scrolls of enchant armour
 t - a scroll of amnesia
 v - 6 scrolls of teleportation
 x - 3 scrolls of fog
 y - a scroll of recharging
 z - 2 scrolls of magic mapping
Potions
 b - a potion of cancellation
 f - 8 potions of curing
 h - 2 potions of haste
 k - 2 potions of heal wounds
 m - 2 potions of flight
 o - 4 potions of might
 r - a potion of magic
 A - 3 potions of brilliance
 B - 2 potions of ambrosia
 D - 2 potions of berserk rage
 L - 2 potions of lignification
 Q - a potion of resistance
Books
 d - a book of Debilitation

   Spells                             Type                      Level
   a - Corona                         Hexes                        1
   b - Slow                           Hexes                        2
   c - Gell's Gravitas                Hexes/Translocation          3
   d - Inner Flame                    Hexes/Fire                   3
   e - Cause Fear                     Hexes                        4
   f - Leda's Liquefaction            Hexes/Earth                  4
Comestibles
 l - 9 beef jerkies
 n - 10 bread rations
 H - 4 chunks of flesh
 J - 2 slices of pizza
 P - 3 meat rations


   Skills:
 + Level 8.5 Fighting
 * Level 15.4 Maces & Flails
 + Level 10.1 Throwing
 + Level 8.9 Dodging
 - Level 1.2 Spellcasting
   Level 2.1 Hexes


You had 13 spell levels left.
You didn't know any spells.

Dungeon Overview and Level Annotations

Branches:
Dungeon (11/15)            Temple (0/1) D:5            Lair (0/8) D:9
    Orc (0/4) D:10

Altars:
Cheibriados
Dithmenos
Elyvilon
Nemelex Xobeh
Okawaru
Trog
Zin
The Shining One
Beogh

Shops:
D:4 *   D:8 [   D:10 [(

Annotations:
D:11 1 runed door


Innate Abilities, Weirdness & Mutations

You are too large for most types of armour.
You have tough skin (AC +1).


Message History

Drink which item? (? for menu, Esc to quit)
You fade into invisibility!
You are very lightly contaminated with residual magic.
You see here a large rock.
You see here a large rock.
You hit the cyclops but do no damage.
The cyclops is moderately wounded.
The cyclops hits you!!
* * * LOW HITPOINT WARNING * * *
You hit the cyclops but do no damage.
The cyclops is moderately wounded.
You barely miss the cyclops.
The cyclops is moderately wounded.
The cyclops barely misses you.
You thump the cyclops!
The cyclops is heavily wounded.
You sock the cyclops!
The cyclops is heavily wounded.
The cyclops hits you!!
You die...

.#.# #†..##..#.# # .#.#
#C..#..#.# # .#.# #...#..#.#####
.#.# #########.)##.#.#.... ...#
............#)#.#.... ##.#
........†(D.'.#.#....
##'######################.#.#....
.................C.....((...#....
......#########.@###.>.....((()).
......# ##...#####..###.)..
......# #...# #### #.... ......#
#...# #.... ##....# #...# ####'#.
#....# #...# #..#.#. #....###
#...# ##.#.#.
##......########...#########.#.#.
...####........#...#.........#.#.


You could see a cyclops.

Vanquished Creatures
  Erolcha (D:8)
  Erica (D:8)
  A hill giant (D:10)
  Maurice (D:8)
  Psyche (D:9)
  2 gargoyles (D:11)
  2 centaur skeletons (D:11)
  A fire drake (D:9)
  A troll (D:11)
  Prince Ribbit (D:5)
  5 slime creatures
  11 yaks
  Sigmund (D:4)
  3 wraiths
  2 hungry ghosts
  A steam dragon (D:8)
  Menkaure (D:4)
  2 water moccasins (D:11)
  2 hippogriffs (D:10)
  8 orc warriors
  A soldier ant (D:11)
  2 necrophages
  A black bear (D:10)
  A wasp (D:11)
  2 phantoms
  An ice beast (D:9)
  9 ogres
  4 centaurs
  A big kobold (D:11)
  6 giant frogs
  A gnoll sergeant (D:11)
  5 wights
  4 killer bees (D:10)
  6 scorpions
  10 crimson imps
  A quasit (D:10)
  2 jellies
  2 centaur zombies
  A giant frog zombie (D:11)
  7 hounds
  A giant frog skeleton (D:10)
  5 orc wizards
  3 iguanas
  4 orc priests
  6 worker ants
  A hound zombie (D:6)
  12 gnolls
  13 adders
  4 river rats (Sewer)
  A shadow imp (D:5)
  5 oozes
  3 adder zombies
  An adder skeleton (D:6)
  6 worms
  7 giant geckos
  36 orcs
  13 ball pythons
  4 bats
  5 goblins
  7 hobgoblins
  9 jackals
  6 quokkas
  A ball python skeleton (Ossuary)
  2 giant cockroaches
  A giant gecko zombie (D:5)
  8 giant newts
  2 hobgoblin skeletons (Ossuary)
  A hobgoblin zombie (Ossuary)
  A jackal zombie (D:7)
  5 kobolds
  An orc skeleton (Ossuary)
  An orc zombie (Ossuary)
  27 rats
317 creatures vanquished.

Vanquished Creatures (others)
  A giant gecko (D:9)
1 creature vanquished.

Grand Total: 318 creatures vanquished

Notes
Turn   | Place    | Note
--------------------------------------------------------------
     0 | D:1      | HungrySpirit the Ogre Arcane Marksman began the quest for the Orb.
     0 | D:1      | Reached XP level 1. HP: 19/19 MP: 2/2
   182 | D:1      | Reached skill level 1 in Maces & Flails
   182 | D:1      | Reached XP level 2. HP: 17/27 MP: 3/3
   979 | D:1      | Reached XP level 3. HP: 30/33 MP: 4/4
  1362 | D:2      | Reached skill level 3 in Maces & Flails
  1448 | D:2      | Reached XP level 4. HP: 34/41 MP: 5/5
  1733 | D:2      | Found a white marble altar of Elyvilon.
  1733 | D:2      | Found a snail-covered altar of Cheibriados.
  1917 | D:3      | Found an iron altar of Okawaru.
  1933 | D:3      | Became a worshipper of Warmaster Okawaru
  2117 | D:3      | Reached skill level 4 in Maces & Flails
  2473 | D:3      | Reached XP level 5. HP: 45/48 MP: 6/6
  2857 | D:4      | Noticed Sigmund
  2873 | D:4      | Killed Sigmund
  2873 | D:4      | Reached skill level 5 in Maces & Flails
  2873 | D:4      | Reached XP level 6. HP: 45/55 MP: 7/7
  2928 | D:4      | Found Sunte's General Store.
  2945 | D:4      | Noticed Menkaure
  2948 | D:4      | Killed Menkaure
  2948 | D:4      | Acquired Okawaru's first power
  2948 | D:4      | Reached skill level 6 in Maces & Flails
  2949 | D:4      | Bought a potion of curing for 33 gold pieces
  2949 | D:4      | Bought a scroll of identify for 22 gold pieces
  2949 | D:4      | Bought 5 large rocks for 38 gold pieces
  3194 | D:4      | Noticed a phantom
  3211 | D:4      | Killed a phantom
  3211 | D:4      | Reached XP level 7. HP: 62/62 MP: 8/8
  3275 | D:4      | Noticed an ogre
  3283 | D:4      | Killed an ogre
  3283 | D:4      | Reached skill level 7 in Maces & Flails
  3383 | D:4      | Found a glowing silver altar of Zin.
  3548 | D:4      | Found a bloodstained altar of Trog.
  3598 | D:5      | Entered Level 5 of the Dungeon
  3602 | D:5      | Reached skill level 5 in Throwing
  3655 | D:5      | Found a glowing drain.
  3666 | Sewer    | Entered a sewer
  4039 | Sewer    | Reached XP level 8. HP: 70/70 MP: 9/9
  4061 | Sewer    | Reached skill level 8 in Maces & Flails
  4595 | D:5      | Noticed Prince Ribbit
  4633 | D:4      | Reached skill level 9 in Maces & Flails
  5712 | D:5      | Reached skill level 5 in Dodging
  6110 | D:5      | Found a staircase to the Ecumenical Temple.
  6217 | D:5      | Killed Prince Ribbit
  6217 | D:5      | Reached skill level 10 in Maces & Flails
  6217 | D:5      | Reached XP level 9. HP: 65/76 MP: 7/10
  6386 | D:6      | Found a sand-covered staircase.
  6391 | Ossuary  | Entered an ossuary
  6790 | Ossuary  | Reached skill level 11 in Maces & Flails
  7445 | D:6      | Found a glowing golden altar of the Shining One.
  8843 | D:8      | Found Mudo's Antique Armour Boutique.
  8852 | D:8      | Bought an embroidered cloak for 135 gold pieces
  8875 | D:8      | Noticed Erica
  8885 | D:8      | Killed Erica
  8885 | D:8      | Reached skill level 12 in Maces & Flails
  8885 | D:8      | Reached XP level 10. HP: 83/92 MP: 8/11
  8988 | D:8      | Noticed Maurice
  9250 | D:8      | Killed Maurice
  9250 | D:8      | Received a gift from Okawaru
  9452 | D:9      | Noticed Erolcha
  9464 | D:8      | Killed Erolcha
  9464 | D:8      | Acquired Okawaru's second power
  9464 | D:8      | Received a gift from Okawaru
  9464 | D:8      | Reached skill level 5 in Fighting
  9464 | D:8      | Reached skill level 13 in Maces & Flails
  9737 | D:9      | Found a shadowy altar of Dithmenos.
  9754 | D:9      | Noticed Psyche
  9756 | D:9      | Killed Psyche
  9758 | D:9      | Found a staircase to the Lair.
  9798 | D:9      | Reached XP level 11. HP: 105/105 MP: 12/12
 10247 | D:9      | Found a sparkling altar of Nemelex Xobeh.
 10356 | D:10     | Entered Level 10 of the Dungeon
 10388 | D:10     | Reached skill level 14 in Maces & Flails
 10664 | D:10     | Found Wavekku's Armour Shoppe.
 10664 | D:10     | Found a staircase to the Orcish Mines.
 10727 | D:10     | Received a gift from Okawaru
 10992 | D:10     | Found Zate's Weapon Shoppe.
 11589 | D:10     | Noticed a hill giant
 11591 | D:10     | Killed a hill giant
 11975 | D:11     | Found a roughly hewn altar of Beogh.
 12001 | D:11     | Reached skill level 15 in Maces & Flails
 12510 | D:11     | Received a gift from Okawaru
 12557 | D:11     | Reached skill level 10 in Throwing
 12621 | D:11     | Found a white marble altar of Elyvilon.
 12621 | D:11     | Noticed an angel
 12622 | D:11     | Found a runed door.
 12807 | D:11     | Reached XP level 12. HP: 120/120 MP: 10/13
 12833 | D:11     | Received a gift from Okawaru
 12956 | D:11     | Noticed a four-headed hydra
 12992 | D:11     | Demolished by a cyclops

Vault maps used:
D:1:      dpeg_arrival_orchard, minmay_misc_feat_square, lemuel_flame_loot_1
D:2:      gammafunk_temple_overflow_wave
D:3:      okawaru_metal_pillars_1_2
D:4:      lightli_temple_of_fire, zin_statuary, serial_shops,
          nicolae_shop_statue_plus, uniq_menkaure, uniq_sigmund
D:5:      minmay_temple_entry_junction, first_bread, portal_sewer_entry_f,
          minmay_misc_feat_five, kennysheep_minor_cross, uniq_prince_ribbit1
D:6:      nicolae_overflow_hidden_temple, tso_metal_star, enter_ossuary_5
D:7:      grunt_ogre_cave
D:8:      serial_shops, nicolae_shop_overgrown_old_shop, uniq_erica,
          uniq_maurice
D:9:      kennysheep_mini_moat, minmay_lair_entry_lava, minmay_hedge_maze,
          nemelex_dance_club_becter, uniq_erolcha, uniq_psyche
D:10:     orc_david_3, hangedman_decor_riveting
D:11:     minmay_quarter_circles, special_room, serial_co_window_serial,
          co_window_corner_a, co_window_paths_a, co_window_paths_b,
          co_window_paths_a, co_window_cross_1, co_window_unsneaky_path_c,
          co_window_broadway_b, co_window_paths_e, co_window_paths_d,
          lemuel_angel_altar
Sewer:    sewer_minmay_w
Ossuary:  ossuary_due_cavern

Action                   |  1- 3 |  4- 6 |  7- 9 | 10-12 || total
-------------------------+-------+-------+-------+-------++-------
Melee: Whip              |    43 |       |       |       ||    43
       Unarmed           |     2 |       |       |       ||     2
       Mace              |    38 |    97 |   396 |       ||   531
       Dagger            |       |       |    62 |       ||    62
       Giant club        |       |       |    60 |   363 ||   423
Throw: Large rock        |     8 |    14 |    59 |    94 ||   175
       Throwing net      |       |     3 |     7 |     5 ||    15
       Javelin           |       |       |       |     6 ||     6
Invok: Heroism           |       |       |     3 |    10 ||    13
  Use: Scroll            |       |       |    14 |    10 ||    24
       Potion            |       |       |     4 |     2 ||     6
 Stab: Held in net/web   |       |     1 |     1 |       ||     2
       Sleeping          |       |       |     2 |       ||     2
  Eat: Chunk             |     2 |     3 |    13 |    13 ||    31
       Fruit             |       |     2 |       |       ||     2
       Pizza             |       |       |     1 |       ||     1
       Meat ration       |       |       |     1 |       ||     1
       Royal jelly       |       |       |       |     1 ||     1
